 Dungeon Crawl Stone Soup version 0.32-a0-630-g46d191b0ed (webtiles) character file.

Game seed: 2961534623981574271

248 Malificent the Charlatan (level 5, -1/41 HPs)
             Began as a Mountain Dwarf Artificer on Mar 6, 2024.
             Slain by a gnoll
             ... wielding a +0 flail
             ... led by a gnoll bouda
              (6 damage)
             ... on level 3 of the Dungeon.
             The game lasted 00:08:47 (2981 turns).

Malificent the Charlatan (Mountain Dwarf Artificer) Turns: 2981, Time: 00:08:48

Health: -1/41      AC:  5    Str: 15    XL:     5   Next: 86%
Magic:  5/5        EV: 10    Int: 11    God:
Gold:   157        SH:  5    Dex: 12    Spells: 4/4 levels left

rFire   + . .        t - staff of fire
rCold   . . .        (no shield)
rNeg    . . .        o - +0 ring mail
rPois   .            (no helmet)
rElec   .            (no cloak)
rCorr   .            (no gloves)
SInv    +            (no boots)
Will    .....        l - amulet of reflection
Stlth   +            n - ring of see invisible
HPRegen 0.26/turn    (no ring)
MPRegen 0.09/turn

%: reflection
@: studying Armour
A: runic magic, artefact enchanting
a: no special abilities


You were on level 3 of the Dungeon.
You visited 1 branch of the dungeon, and saw 4 of its levels.

You collected 157 gold pieces.

Inventory:

Hand Weapons
 a - a +0 club
 g - a +2 vampiric dagger
 p - a +3 spear
Armour
 b - a +0 leather armour
 o - a +0 ring mail (worn)
 s - a +0 helmet
Magical Staves
 t - a staff of fire (weapon)
Jewellery
 i - an amulet of faith
 l - an amulet of reflection (around neck)
 n - a ring of see invisible (left hand)
Wands
 c - a wand of flame (13) (quivered)
 d - a wand of charming (14)
 e - a wand of iceblast (3)
Scrolls
 f - a scroll of torment
 v - a scroll of enchant armour {unknown}
Potions
 h - a potion of invisibility
 k - 2 potions of curing
 m - a potion of haste {unknown}
 q - 2 potions of might
 r - a potion of magic {unknown}


   Skills:
 + Level 2.1 Fighting
 + Level 1.7 Short Blades
 + Level 0.1(0.2) Maces & Flails
 * Level 0.2(0.3) Staves
 * Level 4.1 Armour
 + Level 1.1 Dodging
 + Level 0.8 Stealth
 * Level 0.1 Spellcasting
 * Level 0.1 Fire Magic
 * Level 5.0 Evocations


You had 4 spell levels left.
You didn't know any spells.
Your spell library contained the following spells:

 Spells                   Type           Power      Damage    Failure   Level
 Blink                    Tloc           0%         N/A       52%         2
 Lesser Beckoning         Tloc           0%         N/A       52%         2
 Momentum Strike          Conj/Tloc      0%         3d8       52%         2


Dungeon Overview and Level Annotations

Branches:
Dungeon (4/15)
 Temple: D:4-7

Altars:


Innate Abilities, Weirdness & Mutations

Your spellcasting is much less encumbered by armour.
You can use scrolls of enchantment on lesser artefacts.


Message History

You start resting.
HP restored.
Items here: )) [ †††.
Done exploring.
There is a stone staircase leading down, spattered with blood here.
You climb downwards.
The gnoll hits you with a +0 flail. The gnoll closely misses you.
You block the gnoll's attack.
There is a stone staircase leading up, spattered with blood here.
The gnoll hits you with a +0 flail. The gnoll hits you but does no damage.
You climb upwards.
There is a stone staircase leading down, spattered with blood here.
You barely miss the gnoll. The gnoll hits you with a +0 flail!
You hit the gnoll. You burn the gnoll.
The gnoll is moderately wounded.
The gnoll closely misses you.
You closely miss the gnoll.
The gnoll is moderately wounded.
The gnoll barely misses you. The gnoll hits you with a +0 flail.
You closely miss the gnoll.
The gnoll is moderately wounded.
The gnoll closely misses you.
You barely miss the gnoll.
The gnoll is moderately wounded.
You block the gnoll's attack.
You hit the gnoll.
The gnoll is heavily wounded.
The gnoll hits you with a +0 flail.
You hit the gnoll. You burn the gnoll.
The gnoll is severely wounded.
The gnoll hits you but does no damage.
You completely miss the gnoll.
The gnoll is severely wounded.
The gnoll hits you with a +0 flail!
* * * LOW HITPOINT WARNING * * *
The gnoll hits you with a +0 flail!
* * * LOW HITPOINT WARNING * * *
You closely miss the gnoll.
The gnoll is severely wounded.
The gnoll hits you with a +0 flail.
You die...

#............♣P..#.#####
##'########.♣.P♣P.......#
#......##..P♣_).P........
#......##......P.........
#......##.....P....#.....
#######......)..(.............
#....#...#####.........##.....
#.##.#.......g................
##.##.#...####@................
#...................###........
#####.###.#..................#.
#.# #.#............#......# #.#
#.#............##......
#.###.#............+.......
#.....#............##......
#.....#....#.............<.
#..........#...............


You could see a gnoll.

Vanquished Creatures
  Sigmund (D:2)
  Jessica (D:2)
  2 ribbon worms (D:3)
  An orc (D:3)
  6 ball pythons
  5 endoplasms
  6 goblins
  3 hobgoblins
  7 jackals
  2 kobolds
  2 bats
  10 frilled lizards
  4 rats
50 creatures vanquished.

Vanquished Creatures (collateral kills)
  An orc (D:4)
  An endoplasm (D:3)
  A hobgoblin (D:3)
  A rat (D:3)
4 creatures vanquished.

Vanquished Creatures (others)
  An orc (D:3)
1 creature vanquished.

Grand Total: 55 creatures vanquished

Notes
Turn   | Place    | Note
-------+----------+-------------------------------------------
     0 | D:1      | Malificent the Mountain Dwarf Artificer began the quest for
                  | the Orb.
     0 | D:1      | Reached XP level 1. HP: 16/16 MP: 1/1
   245 | D:1      | Reached skill level 4 in Evocations
   245 | D:1      | Reached XP level 2. HP: 23/23 MP: 2/2
   838 | D:2      | Noticed Jessica
   849 | D:2      | Killed Jessica
   850 | D:2      | Reached XP level 3. HP: 13/28 MP: 3/3
  1330 | D:2      | Noticed Sigmund
  1334 | D:2      | Killed Sigmund
  1335 | D:2      | Reached skill level 1 in Short Blades
  1335 | D:2      | Reached skill level 1 in Dodging
  1335 | D:2      | Reached XP level 4. HP: 36/36 MP: 4/4
  1335 | D:2      | Reached XP level 5. HP: 41/41 MP: 5/5
  1693 | D:3      | Reached skill level 5 in Evocations
  2319 | D:3      | Found a faded altar of an unknown god.
  2613 | D:4      | Identified a scroll of acquirement
  2613 | D:4      | Acquired a manual of Armour
  2981 | D:3      | Slain by a gnoll

Illustrated notes

Levels and vault maps discovered:
D:1:      eino_arrival_water_star, layout_loops_ring, hex_large,
          minmay_lizard_king
D:2:      layout_basic, minivault_4, uniq_jessica, uniq_sigmund
D:3:      layout_basic, ebering_ecumenical_altar_petrified,
          wad_floor_pattern_untrapped
D:4:      layout_gridville, xom_confusion_cloud,
          mainiacjoe_overflow_cross_hatched

Skill      XL: |  1  2  3  4  5 |
---------------+----------------+-----
Evocations     | 4 5 |  5.0
Fighting       | 2 |  2.1
Short Blades   | 1 |  1.7
Armour         | 3 4 |  4.1
Dodging        | 1 |  1.1
Maces & Flails | |  0.1
Staves         | |  0.2
Stealth        | |  0.8
Spellcasting   | |  0.1
Fire Magic     | |  0.1

Action                     |  1- 3 |  4- 6 || total
---------------------------+-------+-------++-------
  Melee: Dagger            |    87 |    55 ||   142
         Club              |     3 |       ||     3
         Staff             |       |    54 ||    54
  Evoke: Wand              |     4 |     1 ||     5
    Use: Scroll            |       |    11 ||    11
 Armour: Leather armour    |    15 |       ||    15
         Ring mail         |    31 |   107 ||   138
  Dodge: Dodged            |    45 |    75 ||   120
  Block: Other             |       |    22 ||    22

Table legend: (Time is in decaauts)
 A = Elapsed time spent in this place.
 B = Non-inter-level travel time spent in this place.
 C = Inter-level travel time spent in this place.
 D = Time resting spent in this place.
 E = Time spent auto-exploring this place.
 F = Levels seen in this place.
 G = Mean time per level.
                   A        B        C        D        E       F      G
               +--------+--------+--------+--------+--------+-----+--------+
         Total |   2991 |   2936 |     55 |    446 |   1822 |   4 |  747.8 |
       Dungeon |   2991 |   2936 |     55 |    446 |   1822 |   4 |  747.8 |
               +--------+--------+--------+--------+--------+-----+--------+

Top non-repeatable levels by time:
     D:3: 1185 daAuts
     D:2: 966 daAuts
     D:1: 675 daAuts
     D:4: 164 daAuts
